 Dungeon Crawl Stone Soup version 0.29-a0-995-g8a7feb118f (webtiles) character file.

Game seed: 9635318752277277371

175 Asher535 the Trooper (level 5, -1/47 HPs)
             Began as a Hill Orc Fighter on Aug 3, 2022.
             Succumbed to Robin's poison
             ... on level 3 of the Dungeon.
             The game lasted 00:03:35 (2501 turns).

Asher535 the Trooper (Hill Orc Fighter)             Turns: 2501, Time: 00:03:35

Health: -1/47      AC:  7    Str: 26 (27) XL:     5   Next: 55%
Magic:  5/5        EV:  9    Int:  5 (8)  God:
Gold:   102        SH:  4    Dex:  7 (10) Spells: 4/4 levels left

rFire   . . .      SeeInvis .   a - +0 war axe
rCold   . . .      Faith    .   c - +0 buckler
rNeg    . . .      Spirit   .   b - +0 scale mail
rPois   .          Reflect  .   (no helmet)
rElec   .          Harm     .   (no cloak)
rCorr   .          Rampage  .   (no gloves)
Will    .....                   (no boots)
Stlth   ..........              (no amulet)
HPRegen 0.15/turn               e - +6 ring of strength
MPRegen 0.09/turn               (no ring)

@: lethally poisoned (-1 -> -20)
A: no striking features
a: no special abilities


You were on level 3 of the Dungeon.
You visited 1 branch of the dungeon, and saw 3 of its levels.

You collected 102 gold pieces.

Inventory:

Hand Weapons
 a - a +0 war axe (weapon)
Missiles
 p - 3 poisoned darts (quivered)
Armour
 b - a +0 scale mail (worn)
 c - a +0 buckler (worn)
 o - a +0 cloak
Jewellery
 e - a +6 ring of strength (left hand)
 h - a ring of ice
Scrolls
 g - 2 scrolls of identify {unknown}
 j - a scroll of acquirement {unknown}
 k - 2 scrolls of immolation {unknown}
 l - a scroll of silence {unknown}
 m - 4 scrolls of enchant weapon {unknown}
 n - a scroll of summoning {unknown}
 q - a scroll of teleportation {unknown}
Potions
 d - a potion of might
 f - a potion of attraction {unknown}


   Skills:
 + Level 4.7 Fighting
 + Level 4.3 Axes
 + Level 4.3 Armour
 + Level 4.3 Shields


You had 4 spell levels left.
You didn't know any spells.
Your spell library contained the following spells:

 Spells                   Type           Power      Damage    Failure   Level
 Summon Guardian Golem    Hex/Summ       0%         N/A       99%         3
 Summon Forest            Summ/Tloc      0%         N/A       100%        5
 Eringya's Noxious Bog    Tmut/Pois      0%         N/A       100%        6
 Orb of Destruction       Conj           0%         9d5       100%        7
 Spellforged Servitor     Conj/Summ      0%         N/A       100%        7
 Summon Hydra             Summ           0%         N/A       100%        7


Dungeon Overview and Level Annotations

Branches:
Dungeon (3/15)

Altars:
Sif Muna

Annotations:
D:3 Robin


Message History

The gnoll completely misses you.
The goblins go into a battle-frenzy!
You hear a shout!
You barely miss the goblin. You hit the gnoll. You hit the hobgoblin.
The goblin hits you but does no damage. The hobgoblin hits you.
The gnoll hits you with a +0 flail.
The gnoll hits you from afar with a +0 spear.
The goblin hits you but does no damage. The hobgoblin closely misses you.
The gnoll barely misses you. The gnoll closely misses you.
A goblin comes into view. It is wielding a +0 dagger.
You slash the goblin!
You kill the goblin!
You hit the gnoll but do no damage. You hit the hobgoblin.
You kill the hobgoblin!
You block the gnoll's attack. The gnoll hits you but does no damage.
Something hits you.
You barely miss the hobgoblin. You hit the gnoll. You closely miss the goblin.
The goblin hits you but does no damage. The gnoll barely misses you.
The gnoll hits you with a +0 flail. Something hits you but does no damage.
The hobgoblin closely misses you.
You slash the hobgoblin!
You kill the hobgoblin!
You slash the gnoll!
You kill the gnoll!
You barely miss the goblin. The goblin closely misses you.
The gnoll hits you from afar with a +0 spear.
* * * LOW HITPOINT WARNING * * *
Something hits you.
* * * LOW HITPOINT WARNING * * *
You are lethally poisoned!
Something hits you.
* * * LOW HITPOINT WARNING * * *
You are more poisoned.
You block the goblin's attack.
The gnoll hits you from afar with a +0 spear.
* * * LOW HITPOINT WARNING * * *
It was a potion of degeneration.
There was something very wrong with that liquid.
You feel weakened.
You feel dopey.
You feel clumsy.
You die...

..# #.# #.#
#.# #.# #g#
#g# #)#
########@#
#....g.)g#
.............#
.##.########.#
#g ..[ ....
.... #..


You could see 2 gnolls and 2 goblins.

Vanquished Creatures
  Terence (D:2)
  Natasha (thrice) (D:2)
  2 gnolls (D:3)
  2 dart slugs
  2 ball pythons
  An endoplasm (D:1)
  A giant cockroach (D:1)
  9 hobgoblins
  5 kobolds
  3 quokkas
  2 bats
  4 frilled lizards
  12 goblins
  6 rats
53 creatures vanquished.

Notes
Turn   | Place    | Note
-------+----------+-------------------------------------------
     0 | D:1      | Asher535 the Hill Orc Fighter began the quest for the Orb.
     0 | D:1      | Reached XP level 1. HP: 19/19 MP: 1/1
   514 | D:1      | Reached XP level 2. HP: 27/27 MP: 2/2
  1349 | D:2      | Noticed Terence
  1356 | D:2      | Killed Terence
  1357 | D:2      | Reached XP level 3. HP: 31/33 MP: 3/3
  1553 | D:2      | Reached XP level 4. HP: 40/40 MP: 4/4
  1769 | D:2      | Noticed Natasha
  1775 | D:2      | Killed Natasha
  2065 | D:2      | Found a shimmering blue altar of Sif Muna.
  2127 | D:2      | Noticed Natasha
  2142 | D:2      | Killed Natasha
  2143 | D:2      | Reached XP level 5. HP: 16/47 MP: 5/5
  2299 | D:2      | Noticed Natasha
  2308 | D:2      | Killed Natasha
  2486 | D:3      | Noticed Robin
  2501 | D:3      | Succumbed to Robin's poison

Illustrated notes

Levels and vault maps discovered:
D:1:      evilmike_arrival_rings, layout_basic, minmay_misc_feat_cross,
          chequers_serial_rivers_room_a
D:2:      layout_basic, basic_altar, uniq_natasha, uniq_terence
D:3:      layout_loops_ring, trog_wizard,
          dreamdust_ecumenical_altar_angels_and_demons,
          nicolae_elevator_lobby_asterisk, uniq_robin, uniq_crazy_yiuf_cottage

Skill      XL: |  1  2  3  4 |
---------------+-------------+-----
Axes           | 3 4 |  4.3
Fighting       | 4 |  4.7
Armour         | 4 |  4.3
Shields        | 4 |  4.3

Action                   |  1- 3 |  4- 6 || total
-------------------------+-------+-------++-------
Melee: War axe           |    74 |    55 ||   129
  Use: Potion            |       |     1 ||     1
Armor: Scale mail        |    31 |    32 ||    63
Dodge: Dodged            |    34 |    34 ||    68
Block: Buckler           |    12 |    17 ||    29

Table legend: (Time is in decaauts)
 A = Elapsed time spent in this place.
 B = Non-inter-level travel time spent in this place.
 C = Inter-level travel time spent in this place.
 D = Time resting spent in this place.
 E = Time spent auto-exploring this place.
 F = Levels seen in this place.
 G = Mean time per level.
                   A        B        C        D        E       F      G
               +--------+--------+--------+--------+--------+-----+--------+
         Total |   2554 |   2435 |    119 |    295 |   1805 |   3 |  851.3 |
       Dungeon |   2554 |   2435 |    119 |    295 |   1805 |   3 |  851.3 |
               +--------+--------+--------+--------+--------+-----+--------+

Top non-repeatable levels by time:
     D:1: 1367 daAuts
     D:2: 1165 daAuts
     D:3: 22 daAuts
